 Dungeon Crawl Stone Soup version 0.27-a0-1332-g84bddb5ca7 (webtiles) character file.

Game seed: 4579981989629143872

2 Brandom the Sneak (level 1, -2/18 HPs)
             Began as a Demonspawn Delver on June 25, 2021.
             Slain by a phantom (4 damage)
             ... on level 5 of the Dungeon.
             The game lasted 00:01:37 (226 turns).

Brandom the Sneak (Demonspawn Delver)                Turns: 226, Time: 00:01:37

Health: -2/18      AC:  3    Str: 12    XL:     1   Next: 25%
Magic:  1/1        EV:  8    Int: 11    God:
Gold:   0          SH:  7    Dex: 14    Spells: 0/0 levels left

rFire    . . .     SeeInvis .   a - +0 falchion
rCold    . . .     Faith    .   g - +0 kite shield
rNeg     . . .     Spirit   .   b - +0 leather armour
rPois    .         Reflect  .   (no helmet)
rElec    .         Harm     .   (no cloak)
rCorr    .         Rampage  .   (no gloves)
Will     .....                  (no boots)
Stlth    ++........             (no amulet)
HPRegen  0.06/turn              (no ring)
MPRegen  0.07/turn              (no ring)

@: no status effects
A: no striking features
a: no special abilities


You were on level 5 of the Dungeon.
You visited 1 branch of the dungeon, and saw 2 of its levels.

Inventory:

Hand Weapons
 a - a +0 falchion (weapon)
Armour
 b - a +0 leather armour (worn)
 g - a +0 kite shield (worn)
   (You found it on level 5 of the Dungeon)
Wands
 i - a wand of mindburst (8)
   (You found it on level 5 of the Dungeon)
 v - a wand of digging (3)
Scrolls
 c - a scroll of fog
 d - a scroll of magic mapping
 e - a scroll of fear
Potions
 f - a potion of haste {@q3}
 h - a potion of curing {unknown}


   Skills:
 * Level 3.0 Fighting
 * Level 1.8 Long Blades
 + Level 0.0 Armour
 + Level 1.8 Dodging
 - Level 4.5 Stealth
 + Level 0.0 Shields


You couldn't memorise any spells.
You didn't know any spells.
Your spell library was empty.

Dungeon Overview and Level Annotations

Branches:
Dungeon (5/15)
 Temple: D:4-7

Altars:


Message History

You see here a +0 kite shield.
g - a +0 kite shield You start putting on your armour.
You continue putting on your +0 kite shield. x4
You finish putting on your +0 kite shield.
Setting a skill training target for Shields at 15.0.
Found a stone staircase leading up.
There is a stone staircase leading up here.
You climb upwards.
An adder comes into view.
There is a stone staircase leading down here.
You open the door.
A hound comes into view.
The hound barks!
There is an open door here.
You close the door.
The adder hisses angrily.
There is a stone staircase leading down here.
You climb downwards.
There is a stone staircase leading up here.
There is a stone staircase leading down here.
Found 10 gold pieces.
An iguana comes into view.
A white imp comes into view.
Found an escape hatch in the floor.
Found a pink potion.
Found a ruby potion.
h - a pink potion A phantom comes into view.
Found 11 gold pieces.
Found a stone staircase leading down.
You see here 11 gold pieces.
Found a twisted gold wand.
You see here a wand of mindburst (8).
i - a wand of mindburst (8)
Found a red potion.
Found a stone staircase leading up.
The phantom closely misses you.
You riposte.
You closely miss the phantom. You block the phantom's attack.
You miss the phantom. The phantom hits you.
The phantom blinks!
You blink.
The phantom hits you!
* * * LOW HITPOINT WARNING * * *
The phantom hits you.
* * * LOW HITPOINT WARNING * * *
The phantom blinks!
You blink.
The phantom hits you.
* * * LOW HITPOINT WARNING * * *
The phantom blinks!
You blink.
You hit the phantom. The phantom hits you.
You die...

... .. #. .. #.... .. ....... ...
#.... ...#.#.#.# #.# ##....
.##..#.#.#.# #.# ...... .
...........# #.# ###### ..
#..#.#...# #.#.!# ......
...##........###.#..# ######
................W#..# ......
...##.....§.....@...# ######
............####....# #
........§.....##....# # ... .
..###..##§########..######.##.# #
...........................##.###
................................#
....#..##.###..###..#.###........
.##.#..##.# #..# #..#.# #..##....
.....##.#....<##..#.# #>.##.##.


You could see a phantom.

Vanquished Creatures
  An orc (D:5)
1 creature vanquished.

Notes
Turn   | Place    | Note
-------+----------+-------------------------------------------
     0 | D:5      | Brandom the Demonspawn Delver began the quest for the Orb.
     0 | D:5      | Reached XP level 1. HP: 18/18 MP: 1/1
    90 | D:4      | Noticed a hound
   145 | D:5      | Noticed an iguana
   172 | D:5      | Noticed a phantom
   226 | D:5      | Slain by a phantom

Illustrated notes

Levels and vault maps discovered:
D:4:      layout_basic, marbit_many_paths, general_overflow_altar,
          minmay_temple_entry_antechambers, supply_closet_lemuel, uniq_edmund
D:5:      layout_basic

Action                   || total
-------------------------++-------
Melee: Falchion          ||     7
Dodge: Dodged            ||     5
Block: Kite shield       ||     1
       Rpst.: Falchion   ||     2

Table legend: (Time is in decaauts)
 A = Elapsed time spent in this place.
 B = Non-inter-level travel time spent in this place.
 C = Inter-level travel time spent in this place.
 D = Time resting spent in this place.
 E = Time spent auto-exploring this place.
 F = Levels seen in this place.
 G = Mean time per level.
                   A        B        C        D        E       F      G
               +--------+--------+--------+--------+--------+-----+--------+
         Total |    227 |    227 |      0 |      0 |    105 |   2 |  113.5 |
       Dungeon |    227 |    227 |      0 |      0 |    105 |   2 |  113.5 |
               +--------+--------+--------+--------+--------+-----+--------+

Top non-repeatable levels by time:
     D:5: 216 daAuts
     D:4: 11 daAuts
